 Dungeon Crawl Stone Soup version 0.28-b1-25-g9875b3f (webtiles) character file.

Game seed: 7700186762933594835

475 BALLS the Slasher (level 7, 0/35 HPs)
             Began as a Vine Stalker Fighter on Jan 31, 2022.
             Slain by a steam dragon (4 damage)
             ... on level 4 of the Dungeon.
             The game lasted 00:05:19 (3975 turns).

BALLS the Slasher (Vine Stalker Fighter)            Turns: 3975, Time: 00:05:21

Health: 0/35       AC:  9    Str: 20    XL:     7   Next: 10%
Magic:  0/8        EV: 10    Int:  8    God:
Gold:   147        SH:  4    Dex: 14    Spells: 6/6 levels left

rFire   . . .      SeeInvis .   a - +0 long sword
rCold   . . .      Faith    .   c - +0 buckler
rNeg    . . .      Spirit   +   i - +0 acid dragon scales
rPois   .          Reflect  .   (no helmet)
rElec   .          Harm     .   o - +2 cloak
rCorr   +          Rampage  .   (no gloves)
Will    .....                   (no boots)
Stlth   +.........              (no amulet)
HPRegen 0.91/turn               (no ring)
MPRegen 0.11/turn               (no ring)

@: no status effects
A: fangs 2, regeneration 1, magic shield, antimagic bite, no potion heal 2
a: no special abilities


You were on level 4 of the Dungeon.
You visited 1 branch of the dungeon, and saw 4 of its levels.

You collected 147 gold pieces.

Inventory:

Hand Weapons
 a - a +0 long sword (weapon)
Armour
 c - a +0 buckler (worn)
 i - +0 acid dragon scales (worn)
 o - a +2 cloak (worn)
Scrolls
 b - 3 scrolls of teleportation {unknown}
 e - 5 scrolls of identify {unknown}
 g - a scroll of fog {unknown}
 j - a scroll of noise {unknown}
 m - 2 scrolls of silence {unknown}
Potions
 d - 2 potions of might
 f - a potion of brilliance {unknown}
 k - a potion of magic {unknown}
 l - 2 potions of curing {unknown}
 n - a potion of mutation {unknown}


   Skills:
 - Level 2.6 Fighting
 + Level 6.8 Long Blades
 - Level 2.4 Armour
 - Level 2.6 Shields


You had 6 spell levels left.
You didn't know any spells.
Your spell library contained the following spells:

 Spells                   Type           Power      Damage    Failure   Level
 Apportation              Tloc           0%         N/A       58%         1
 Alistair's Intoxication  Tmut/Pois      0%         N/A       100%        5


Dungeon Overview and Level Annotations

Branches:
Dungeon (4/15)
 Temple: D:4-7

Altars:
Ru

Shops:
D:1 !


Innate Abilities, Weirdness & Mutations

You have extremely sharp teeth.
Your natural rate of healing is unusually fast.
When hurt, damage is shared between your health and your magic reserves.
Your bite disrupts and absorbs the magic of your enemies.
Potions cannot restore your health.


Message History

Found a pair of boots.
The lemure shouts!
A lemure comes into view.
The steam dragon breathes steam at you. The ball of steam hits you!
You see here a hobgoblin corpse.
The steam dragon breathes steam at you. The ball of steam hits you!
You are engulfed in a cloud of scalding steam.
The steam dragon breathes steam at you. The ball of steam hits you!
You are engulfed in a cloud of scalding steam.
Things that are here:
a +0 club; a goblin corpse You hit the steam dragon.
The steam dragon is lightly wounded.
The steam dragon bites you but does no damage.
You block the steam dragon's attack.
You hit the steam dragon but do no damage.
The steam dragon is lightly wounded.
The steam dragon bites you. The steam dragon claws you.
You slash the steam dragon! Your bite misses the steam dragon.
The steam dragon is moderately wounded.
The steam dragon barely misses you. The steam dragon misses you.
You barely miss the steam dragon.
You bite the steam dragon, but do no damage.
The steam dragon is moderately wounded.
The steam dragon barely misses you. The steam dragon claws you.
You closely miss the steam dragon. Your bite misses the steam dragon.
The steam dragon is moderately wounded.
The steam dragon breathes steam at you. The ball of steam hits you!
* * * LOW HITPOINT WARNING * * *
You closely miss the steam dragon.
You bite the steam dragon, but do no damage.
The steam dragon is moderately wounded.
You are engulfed in a cloud of scalding steam.
* * * LOW HITPOINT WARNING * * *
The steam dragon bites you.
You die...

#.# #.# #..###.#
#.#######.# #......#
#.......#.# #..†####
#######.#.# #...# #
#######§...#[#.# #...#
# #5§†.D§....#.#.#
#...# #
#####5#####.#D.#.#.#
#...# # S...#§#
...#..#.#.# #...# #
###.#.#
#.###..#@#.#######...#
# #.#D# #.
#..D.............# #
#.#5# #
#..÷)#.########..# #
..D....# #.)..#.# #..#
# [###.#.#
#....#.########..# #
....#
###.............#..# #
##.#.#
#........######.#..# #
#?#.#.#
#.#.#....######.#..####
.###.#.#
#.#.#...........#......


You could see a steam dragon (catching breath).

Vanquished Creatures
  Sigmund (D:4)
  A lemure (D:4)
  Blork the orc (D:4)
  A howler monkey (D:4)
  Natasha (twice) (D:4)
  An iguana (D:4)
  A gnoll (D:2)
  2 adders (D:4)
  An adder skeleton (D:4)
  5 worms
  2 dart slugs
  6 orcs
  9 ball pythons
  5 bats
  6 endoplasms
  2 giant cockroaches
  4 goblins
  6 hobgoblins
  3 jackals
  3 kobolds
  5 quokkas
  2 frilled lizards
  6 rats
75 creatures vanquished.

Vanquished Creatures (others)
  27 plants (D:4)
27 creatures vanquished.

Grand Total: 102 creatures vanquished

Notes
Turn   | Place    | Note
-------+----------+-------------------------------------------
     0 | D:1      | BALLS the Vine Stalker Fighter began the quest for the Orb.
     0 | D:1      | Reached XP level 1. HP: 11/11 MP: 2/2
    12 | D:1      | Found a faded altar of an unknown god.
    86 | D:1      | Reached skill level 2 in Long Blades
   149 | D:1      | Found Hocvuij's Distillery.
   171 | D:1      | Reached XP level 2. HP: 11/16 MP: 3/3
  1121 | D:2      | Reached skill level 3 in Long Blades
  1248 | D:2      | Reached XP level 3. HP: 19/19 MP: 4/4
  2309 | D:2      | Gained mutation: Your natural rate of healing is unusually
                  | fast. [Vine Stalker growth]
  2309 | D:2      | Reached XP level 4. HP: 21/23 MP: 3/5
  2544 | D:3      | Found a sacrificial altar of Ru.
  2663 | D:3      | Reached skill level 4 in Long Blades
  3319 | D:4      | Noticed a black bear
  3534 | D:4      | Reached XP level 5. HP: 13/27 MP: 3/6
  3616 | D:4      | Noticed Blork the orc
  3616 | D:4      | Noticed Natasha
  3627 | D:4      | Killed Blork the orc
  3628 | D:4      | Reached skill level 5 in Long Blades
  3628 | D:4      | Killed Natasha
  3629 | D:4      | Reached XP level 6. HP: 32/32 MP: 7/7
  3643 | D:4      | Noticed Sigmund
  3654 | D:4      | Killed Sigmund
  3655 | D:4      | Reached skill level 6 in Long Blades
  3666 | D:4      | Noticed Natasha
  3668 | D:4      | Killed Natasha
  3817 | D:4      | Noticed a steam dragon
  3844 | D:4      | Reached XP level 7. HP: 33/35 MP: 5/8
  3975 | D:4      | Slain by a steam dragon

Illustrated notes

Levels and vault maps discovered:
D:1:      erik_arrival_triangle_small, layout_basic, basic_ecumenical_altar,
          serial_shops, shop, minivault_5, nicolae_figureground_sparkle
D:2:      layout_basic, minmay_misc_feat_chi, cheibrodos_gnoll_hut
D:3:      layout_loops_cross, lemuel_doored_altar
D:4:      layout_basic, serial_bayou_lagoon_a, minmay_surrounded, uniq_sigmund,
          uniq_natasha, uniq_blork_the_orc, uniq_pikel

Skill      XL: |  1  2  3  4  5  6 |
---------------+-------------------+-----
Long Blades    | 2 3 4 5 6 |  6.8
Fighting       | |  2.6
Armour         | |  2.4
Shields        | |  2.6

Action                   |  1- 3 |  4- 6 |  7- 9 || total
-------------------------+-------+-------+-------++-------
Melee: Long sword        |    78 |   101 |    32 ||   211
       Bite              |    16 |    25 |    10 ||    51
  Use: Potion            |       |     1 |       ||     1
 Stab: Sleeping          |       |     1 |       ||     1
Armor: Scale mail        |    10 |       |       ||    10
       Acid dragon scale |    21 |    39 |    11 ||    71
Dodge: Dodged            |    38 |    50 |    11 ||    99
Block: Buckler           |    19 |    17 |     5 ||    41
